 Dungeon Crawl Stone Soup version 0.17.1-3-g152610e (webtiles) character file.

1215 Gargoyl the Skirmisher (level 8, -6/65 HPs)
             Began as a Demonspawn Abyssal Knight on Mar 10, 2016.
             Was a Priest of Lugonu.
             Mangled by an ogre
             ... wielding a +0 giant club
              (15 damage)
             ... on level 5 of the Dungeon.
             The game lasted 00:16:49 (7557 turns).

Gargoyl the Skirmisher (Demonspawn Abyssal Knight)  Turns: 7557, Time: 00:16:50

Health: -6/65      AC: 22    Str: 15    XL:     8   Next: 22%
Magic:  4/10       EV:  0    Int: 13    God:    Lugonu [***...]
Gold:   221        SH:  0    Dex: 13    Spells: 0 memorised, 7 levels left

rFire  + + .     SeeInvis .     a - +1 hand axe
rCold  . . .     Clarity  .     j - +0 crystal plate armour
rNeg   . . .     SustAt   .     (no shield)
rPois  .         Gourm    .     n - +0 helmet
rElec  .         Spirit   .     (no cloak)
rCorr  .         Warding  .     e - +0 pair of gloves
rMut   .         Stasis   .     b - +2 pair of boots
MR     .....                    (no amulet)
Stlth  ..........               (no ring)
                                B - ring of protection from fire

@: very heavily drained, not resistant to hostile enchantments, extremely
unstealthy
A: hooves 2, slimy green scales 1, breathe flames 1, fire resistance 1
a: Depart the Abyss, Bend Space, Banish, Renounce Religion, Breathe Fire


You were on level 5 of the Dungeon.
You worshipped Lugonu.
Lugonu was most pleased with you.
You were not hungry.

You visited 1 branch of the dungeon, and saw 5 of its levels.
You visited the Abyss 1 time.
You also visited: Sewer.

You collected 221 gold pieces.

Inventory:

Hand Weapons
 a - a +1 hand axe (weapon)
 d - a cursed -3 flail
 v - a +1 flail of draining
Missiles
 w - 4 tomahawks (quivered)
Armour
 b - a +2 pair of boots (worn)
 e - a +0 pair of gloves (worn)
 j - a +0 crystal plate armour (worn)
 n - a +0 helmet (worn)
Jewellery
 B - a ring of protection from fire (left hand)
Wands
 y - a wand of magic darts (31)
Scrolls
 f - a scroll of identify {unknown}
 h - 3 scrolls of remove curse
 p - 2 scrolls of noise {unknown}
 q - a scroll of recharging
 s - 3 scrolls of teleportation
 t - a scroll of fear
 A - a scroll of enchant armour {unknown}
 C - a scroll of immolation {unknown}
Potions
 g - 4 potions of brilliance
 i - 3 potions of curing
 l - a potion of might {unknown}
 m - 3 potions of agility {unknown}
 o - 4 potions of heal wounds {unknown}
 r - a potion of berserk rage {unknown}
 x - a potion of magic {unknown}
 z - a potion of cancellation {unknown}
Books
 k - a book of Necromancy

   Spells                             Type                      Level
   a - Pain                           Necromancy                   1
   b - Animate Skeleton               Necromancy                   1
   c - Vampiric Draining              Necromancy                   3
   d - Regeneration                   Charms/Necromancy            3
   e - Animate Dead                   Necromancy                   4
   f - Control Undead                 Necromancy                   4
Comestibles
 c - 4 bread rations
 u - a meat ration


   Skills:
 + Level 6.3(1.7) Fighting
 + Level 4.4(0.0) Axes
 + Level 5.9(1.4) Armour
 + Level 1.2(0.0) Dodging
 + Level 3.6(0.0) Invocations


You had 7 spell levels left.
You didn't know any spells.

Dungeon Overview and Level Annotations

Branches:
Dungeon (5/15)
 Temple: D:4-7

Altars:
Elyvilon
Fedhas
Okawaru
The Shining One

Annotations:
D:5 Sigmund
Abyss:1 Menkaure


Innate Abilities, Weirdness & Mutations

You have hoof-like feet.
You are partially covered in slimy green scales (AC +2).
Your flesh is heat resistant.
You can breathe flames.


Message History

Your crystal plate armour prevents you from hitting the ogre.
The ogre hits you but does no damage.
Your crystal plate armour prevents you from hitting the ogre.
The ogre hits you with a giant club!
Press: ? - help, Shift-Dir - straight line, f - ogre
Aim: an ogre, wielding a giant club (chance to defeat MR: 47%)
Okay, then.
Press: ? - help, Shift-Dir - straight line, f - ogre
Aim: an ogre, wielding a giant club (chance to defeat MR: 47%)
The ogre resists with some effort.
You feel somewhat more hungry. The ogre hits you but does no damage.
Press: ? - help, Shift-Dir - straight line, f/p - ogre
Aim: an ogre, wielding a giant club (chance to defeat MR: 47%)
The ogre resists with some effort.
You feel somewhat more hungry. The ogre hits you with a giant club!!
* * * LOW HITPOINT WARNING * * *
Drink which item? (? for menu, Esc to quit)
Okay, then.
You fail to use your ability.
The ogre hits you with a giant club!
You die...

##### #...# ##.#.#
#.
#....##############
#.#
#....@O...........#
#.#
#...#############.#
#.######...# #.#
#.#........# #.#
#.#.####.#.# #.#
#......#.#.# ...
#......#.#.# .....
#<#....#.#.#
......#
#.#....#.#.#
.......#


You could see an ogre.

Vanquished Creatures
  The ghost of urm the Ruffian, an amateur NaTm (D:4)
  Edmund (D:3)
  A centaur (D:4)
  A big kobold (Sewer)
  A centaur skeleton (D:5)
  A hound (D:4)
  An orc priest (D:4)
  6 worker ants
  12 adders
  6 gnolls
  9 river rats (Sewer)
  A shadow imp (D:5)
  3 worms
  2 giant geckos (D:4)
  11 orcs
  6 ball pythons
  5 giant cockroaches
  3 hobgoblins
  8 jackals
  2 bats
  3 giant newts
  6 goblins
  21 kobolds
  4 quokkas
  A quokka skeleton (D:4)
  20 rats
136 creatures vanquished.

Vanquished Creatures (others)
  An ice beast (D:4)
  A bush (D:4)
2 creatures vanquished.

Grand Total: 138 creatures vanquished

Notes
Turn   | Place    | Note
--------------------------------------------------------------
     0 | Abyss:1  | Gargoyl the Demonspawn Abyssal Knight began the quest for the Orb.
     0 | Abyss:1  | Reached XP level 1. HP: 18/18 MP: 2/2
    32 | Abyss:1  | Noticed a quasit
    47 | D:1      | Escaped the Abyss
   155 | D:1      | Reached * piety under Lugonu
   985 | D:2      | Gained mutation: You have large cloven feet. [demonic ancestry]
   985 | D:2      | Reached XP level 2. HP: 24/24 MP: 3/3
  1036 | D:2      | Reached XP level 3. HP: 18/30 MP: 5/5
  1450 | D:2      | Gained mutation: You have hoof-like feet. [demonic ancestry]
  1450 | D:2      | Reached XP level 4. HP: 27/37 MP: 6/6
  1681 | D:2      | Found a white marble altar of Elyvilon.
  1896 | D:2      | Reached skill level 4 in Fighting
  1899 | D:2      | Found an iron altar of Okawaru.
  2000 | D:2      | Reached skill level 1 in Dodging
  2718 | D:3      | Gained mutation: Your flesh is heat resistant. [demonic ancestry]
  2718 | D:3      | Reached XP level 5. HP: 36/42 MP: 7/7
  2964 | D:3      | Reached ** piety under Lugonu
  3470 | D:3      | Found a glowing golden altar of the Shining One.
  3502 | D:4      | Noticed urm's ghost (amateur NaTm)
  3561 | D:4      | Gained mutation: You can breathe flames. [potion of beneficial mutation]
  3568 | D:4      | Killed urm's ghost
  3568 | D:4      | Reached XP level 6. HP: 14/50 MP: 8/8
  3840 | D:4      | Found a glowing drain.
  3851 | Sewer    | Entered a sewer
  4228 | Sewer    | Reached skill level 5 in Fighting
  4256 | Sewer    | Reached XP level 7. HP: 38/56 MP: 9/9
  4467 | Sewer    | Reached *** piety under Lugonu
  4484 | Sewer    | HP: 2/56 [river rat (6)]
  5074 | Sewer    | Reached skill level 5 in Armour
  5585 | D:4      | Noticed Edmund
  5642 | D:3      | Killed Edmund
  6148 | D:4      | Reached **** piety under Lugonu
  6302 | D:4      | Noticed an ice beast
  6321 | D:4      | Banished an ice beast
  6321 | D:4      | Reached skill level 6 in Fighting
  6321 | D:4      | Gained mutation: You are partially covered in slimy green scales (AC +2). [demonic ancestry]
  6321 | D:4      | Reached XP level 8. HP: 18/64 MP: 10/10
  6330 | D:4      | Noticed Menkaure
  6575 | D:4      | Banished Menkaure
  7005 | D:4      | Found a glowing golden altar of the Shining One.
  7147 | D:4      | Found a blossoming altar of Fedhas.
  7147 | D:4      | Noticed a centaur
  7178 | D:4      | Killed a centaur
  7351 | D:5      | Entered Level 5 of the Dungeon
  7383 | D:5      | Noticed Sigmund
  7557 | D:5      | Mangled by an ogre

Action                   |  1- 3 |  4- 6 |  7- 9 || total
-------------------------+-------+-------+-------++-------
Melee: Hand axe          |   121 |   369 |   430 ||   920
Invok: Depart the Abyss  |     1 |       |       ||     1
       Banish            |       |       |     4 ||     4
 Abil: Breathe Fire      |       |       |     1 ||     1
  Use: Potion            |     2 |     5 |     5 ||    12
       Scroll            |       |     7 |       ||     7
  Eat: Chunk             |     2 |     2 |     6 ||    10
       Bread ration      |       |     1 |     1 ||     2
       Fruit             |       |     6 |       ||     6
       Royal jelly       |       |       |     1 ||     1
